 Dungeon Crawl Stone Soup version 0.25.0-9-g26727b657a (webtiles) character file.

Game seed: 9930430079249973927

164759 MisterFreud the Champion of Chaos (level 17, -4/156 HPs)
             Began as a Hill Orc Fighter on June 20, 2020.
             Was the Champion of Makhleb.
             Killed from afar by a shock serpent (6 damage)
             ... with an electric aura
             ... on level 2 of the Snake Pit on June 21, 2020.
             The game lasted 01:23:27 (30573 turns).

MisterFreud the Champion of Chaos (HOFi)           Turns: 30573, Time: 01:23:28

Health: -4/156     AC: 25    Str: 24    XL:     17   Next: 86%
Magic:  30/30      EV:  8    Int:  8    God:    Makhleb [******]
Gold:   3419       SH: 15    Dex: 10    Spells: 16/16 levels left

rFire    . . .     SeeInvis .   R - +9 broad axe (elec)
rCold    + . .     Gourm    .   c - +1 kite shield
rNeg     . . .     Faith    +   M - +0 plate armour {rF+}
rPois    .         Spirit   .   g - +0 helmet
rElec    .         Reflect  .   q - +0 cloak
rCorr    .         Harm     .   u - +0 pair of gloves
MR       +++..                  (no boots)
Stlth    ..........             o - amulet of faith
HPRegen  0.36/turn              x - +4 ring of protection
MPRegen  0.22/turn              L - ring of Absolutism {Ice MR++ Str-2 Slay+5}

@: no status effects
A: no striking features
a: Minor Destruction, Lesser Servant of Makhleb, Major Destruction, Greater
Servant of Makhleb, Renounce Religion


You were on level 2 of the Snake Pit.
You worshipped Makhleb.
Makhleb was exalted by your worship.
You were not hungry.

You visited 5 branches of the dungeon, and saw 30 of its levels.

You collected 3905 gold pieces.
You spent 486 gold pieces at shops.

Inventory:

Hand Weapons
 G - the +8 hand axe "Oneuvott" {speed, SInv}
   (You found it on level 6 of the Dungeon)

   Attacks with this weapon are significantly faster.
   It lets you see invisible.
 R - a +9 broad axe of electrocution (weapon)
Missiles
 E - 33 boomerangs (quivered)
 K - 5 throwing nets
Armour
 c - a +1 kite shield (worn)
 g - a +0 helmet (worn)
 q - a +0 cloak (worn)
 u - a +0 pair of gloves (worn)
 M - a +0 plate armour of fire resistance (worn)
Jewellery
 a - an uncursed amulet of the acrobat
 j - an uncursed ring of resist corrosion
 o - an amulet of faith (around neck)
 r - an uncursed ring of positive energy
 x - a +4 ring of protection (left hand)
 L - the ring of Absolutism (right hand) {Ice MR++ Str-2 Slay+5}
   (You found it on level 7 of the Dungeon)

   [ring of ice]

   It enhances your ice magic.
   It affects your strength (-2).
   It affects your accuracy and damage with ranged weapons and melee attacks
   (+5).
   It makes you vulnerable to fire.
   It protects you from cold.
   It affects your resistance to hostile enchantments.
 X - an uncursed ring of see invisible
Wands
 b - a wand of clouds (10)
 k - a wand of enslavement (8)
 n - a wand of polymorph (14)
 C - a wand of iceblast (7)
 J - a wand of digging (6)
 Q - a wand of flame (50)
 W - a wand of disintegration (11)
 Z - a wand of paralysis (19)
Scrolls
 d - a scroll of silence
 i - 14 scrolls of identify
 m - 2 scrolls of blinking
 p - 18 scrolls of remove curse
 s - 2 scrolls of enchant armour
 y - 2 scrolls of fog
 A - 8 scrolls of teleportation
 B - 2 scrolls of fear
 S - 6 scrolls of magic mapping
 T - 3 scrolls of brand weapon
Potions
 e - 4 potions of brilliance
 h - 2 potions of berserk rage
 l - a potion of cancellation
 t - 5 potions of flight
 v - 9 potions of curing
 z - 2 potions of invisibility
 D - 2 potions of haste
 F - 2 potions of magic
 I - 3 potions of stabbing
 N - 6 potions of mutation
 O - a potion of ambrosia
 U - 3 potions of might
Miscellaneous
 w - a phial of floods
Comestibles
 f - 49 rations


   Skills:
 + Level 15.5 Fighting
 - Level 18.0 Axes
 - Level 15.0 Armour
 - Level 15.0 Shields
 + Level 19.4 Invocations


You had 16 spell levels left.
You didn't know any spells.
Your spell library contained the following spells:

 Spells                   Type           Power        Failure   Level  Hunger
 Animate Skeleton         Necr           N/A          98%         1    ##.....
 Apportation              Tloc           #.....       98%         1    ##.....
 Beastly Appendage        Tmut           #.....       98%         1    ##.....
 Corona                   Hex            #......      98%         1    ##.....
 Summon Small Mammal      Summ           #...         98%         1    ##.....
 Slow                     Hex            #.......     99%         2    ###....
 Sticks to Snakes         Tmut           #.......     99%         2    ###....
 Sublimation of Blood     Necr           #.........   99%         2    ###....
 Ignite Poison            Fire/Tmut/Pois #.......     100%        3    ####...
 Inner Flame              Hex/Fire       #.......     100%        3    ####...
 Portal Projectile        Hex/Tloc       #.....       100%        3    ####...
 Recall                   Summ/Tloc      N/A          100%        3    ####...
 Spider Form              Tmut/Pois      #.........   100%        3    ####...
 Cause Fear               Hex            #.........   100%        4    #####..
 Ice Form                 Ice/Tmut       #.......     100%        4    #####..
 Leda's Liquefaction      Hex/Erth       #.........   100%        4    #####..
 Petrify                  Tmut/Erth      #.......     100%        4    #####..
 Alistair's Intoxication  Tmut/Pois      #.......     100%        5    ######.
 Aura of Abjuration       Summ           #.........   100%        5    ######.
 Blade Hands              Tmut           #.........   100%        5    ######.
 Fireball                 Conj/Fire      #.........   100%        5    ######.
 Irradiate                Conj/Tmut      #.........   100%        5    ######.
 Summon Demon             Summ           #.........   100%        5    ######.
 Summon Forest            Summ/Tloc      #.........   100%        5    ######.
 Summon Mana Viper        Hex/Summ       #.......     100%        5    ######.
 Eringya's Noxious Bog    Tmut/Pois      #.........   100%        6    #######
 Shadow Creatures         Summ           N/A          100%        6    #######
 Starburst                Conj/Fire      #.........   100%        6    #######
 Ring of Flames           Chrm/Fire      #.........   100%        7    #######
 Ignition                 Fire           #.........   100%        8    #######


Dungeon Overview and Level Annotations

Branches:
Dungeon (15/15)            Temple (0/1) D:4            Lair (6/6) D:8
  Swamp (4/4) Lair:2        Snake (3/4) Lair:3        Slime (0/5) Lair:6
    Orc (2/2) D:10            Elf (0/3) Orc:2        Vaults (0/5) D:13
 Depths (0/5) D:15

Altars:
Ashenzari
Elyvilon
Fedhas
Gozag
Kikubaaqudgha
Makhleb
Nemelex Xobeh
Okawaru
Trog
Vehumet
Xom
Zin
Beogh
Jiyva

Shops:
D:8 [   D:11 (   D:13 [   D:14 =   Orc:1 (   Orc:2 [%*?   Snake:2 (

Annotations:
D:11 3 runed translucent doors, Dusieq's ghost, journeyman DsCj
Lair:2 2 transporters, Kotami's ghost, journeyman OpFi
Lair:6 2 runed translucent doors
Swamp:3 2 transporters
Swamp:4 Lernaean hydra


Message History

Press: ? - help, Shift-Dir - straight line, f - shock serpent
Aim: a shock serpent (lightly wounded)
The bolt of fire hits the shock serpent!!
The shock serpent is heavily wounded.
The shock serpent's electric aura discharges, shocking you!
* * * LOW HITPOINT WARNING * * *
You feel sick. The shock serpent bites you!
* * * LOW HITPOINT WARNING * * *
The shock serpent shocks you!
* * * LOW HITPOINT WARNING * * *
You feel better.
The shock serpent bites you but does no damage. x2
Press: ? - help, Shift-Dir - straight line, f/p - shock serpent
Aim: a shock serpent (heavily wounded)
The fireball explodes!
The fireball engulfs the shock serpent!
The shock serpent is severely wounded.
The fireball engulfs you!
* * * LOW HITPOINT WARNING * * *
The shock serpent's electric aura discharges, shocking you!
You die...

#....##...................# #...
...................#......## #...
.........<.........##......###...
....................##.......##..
.........#########..##...........
.........#.......#...##..........
.....#####.8.8.8.#.#.##..........
.....# ###.....S.#.####..........
.....###........@#..###..........
.........#.......#..##...........
.........#(8.8.8.#...............
.........#.......#...............
(........#########...............
................†................
#######..........................
###........................
#........................


You could see a shock serpent.

Vanquished Creatures
  Jorgrun (Swamp:3)
  Frances (Snake:1)
  A thorn hunter (Swamp:4)
  Kirke (Snake:1)
  Nessos (D:14)
  Snorg (Lair:4)
  A yaktaur captain (D:15)
  Harold (D:7)
  4 naga warriors
  Fannar (Lair:2)
  7 hydras
  A ghost crab (Swamp:1)
  5 centaur warriors
  A death knight (D:14)
  4 shambling mangroves
  2 anacondas
  21 two-headed ogres
  4 ogre magi (Orc:2)
  6 alligators
  7 death yaks
  2 naga sharpshooters (Snake:1)
  4 shock serpents
  2 salamander mystics
  Nergalle (D:11)
  6 skeletal warriors
  A fire crab (Lair:6)
  8 swamp dragons
  3 naga ritualists
  3 unseen horrors
  2 phantasmal warriors (D:14)
  Pikel (D:3)
  An orc knight (Orc:2)
  3 orc sorcerers (Orc:2)
  2 manticores
  4 cyclopes
  2 mana vipers
  8 salamanders
  5 deep elf magi
  17 slime creatures
  3 ugly things
  A guardian serpent (Snake:3)
  8 naga magi
  Maurice (Orc:1)
  27 black mambas
  Psyche (D:10)
  A molten gargoyle (Lair:6)
  A gargoyle (D:15)
  19 spiny frogs
  10 komodo dragons
  A rime drake (Lair:1)
  3 yaktaurs
  An efreet (D:15)
  5 trolls
  3 meliai (D:14)
  5 tyrant leeches
  10 bog bodies
  8 hornets
  25 blink frogs
  10 hippogriffs
  4 spriggans
  3 shadows
  A wraith (D:14)
  A vampire (D:13)
  8 hogs
  A wyvern (Lair:2)
  A human (D:7)
  5 basilisks
  42 yaks
  4 hungry ghosts
  19 vampire mosquitoes
  4 steam dragons
  8 insubstantial wisps
  4 wargs
  28 nagas
  8 swamp worms
  Menkaure (D:7)
  2 acid dragons
  4 hell hounds (Lair:6)
  Duvessa (D:7)
  12 water moccasins
  7 porcupines
  A hornet zombie (D:13)
  2 ice beasts
  12 orc warriors
  12 swamp drakes
  5 sky beasts
  A necrophage (D:8)
  3 black bears
  33 ogres
  An eye of draining (D:12)
  4 phantoms
  5 wolves (Lair:3)
  4 boggarts (D:15)
  18 centaurs
  8 crocodiles
  A big kobold (D:12)
  14 bullfrogs
  A hornet simulacrum (D:14)
  A water moccasin skeleton (D:7)
  A wyvern skeleton (D:13)
  Dowan (D:7)
  A scorpion (D:11)
  15 killer bees
  9 wights
  2 howler monkeys
  2 lava snakes (Lair:6)
  7 crimson imps
  6 centaur zombies
  4 jellies
  A wyvern simulacrum (D:14)
  12 orc priests
  13 hounds
  4 centaur skeletons
  Ijyb (D:3)
  3 iguanas (Lair:2)
  18 orc wizards
  A hell rat (D:8)
  9 worker ants
  A hound skeleton (D:7)
  A worker ant zombie (D:11)
  2 howler monkey zombies (D:5)
  Robin (D:4)
  13 adders
  10 gnolls
  A river rat (D:8)
  4 shadow imps
  3 worms
  4 dart slugs
  7 leopard geckos
  42 orcs
  4 bats
  2 giant cockroaches (D:1)
  13 goblins
  6 hobgoblins
  16 jackals
  11 quokkas
  A ball python (D:2)
  4 frilled lizards
  8 kobolds
  A leopard gecko zombie (D:7)
  A quokka skeleton (D:7)
  13 rats
  4 briar patches (Swamp:4)
  A fungus (Lair:2)
  A plant (Lair:2)
868 creatures vanquished.

Vanquished Creatures (collateral kills)
  18 hydras
  A shambling mangrove (Swamp:2)
  An alligator (Swamp:4)
  2 death yaks (D:8)
  A wizard (Swamp:3)
  A swamp dragon (Swamp:4)
  A black mamba (Lair:3)
  2 molten gargoyles (Lair:6)
  3 komodo dragons (Lair:6)
  2 hornets
  A tyrant leech (Swamp:4)
  A bog body (Swamp:4)
  A slime creature (Swamp:1)
  A wyvern (D:11)
  3 swamp drakes
  A crocodile (Lair:6)
  3 lava snakes (Lair:6)
43 creatures vanquished.

Vanquished Creatures (others)
  A basilisk (Lair:6)
  A swamp drake (Swamp:4)
  An adder (D:4)
  2 orcs (D:4)
  2 briar patches (Swamp:4)
  11 fungi
  5 plants
23 creatures vanquished.

Grand Total: 934 creatures vanquished

Notes
Turn   | Place    | Note
-------+----------+-------------------------------------------
     0 | D:1      | MisterFreud the Hill Orc Fighter began the quest for the
                  | Orb.
     0 | D:1      | Reached XP level 1. HP: 19/19 MP: 1/1
   229 | D:1      | Reached XP level 2. HP: 27/27 MP: 2/2
   917 | D:1      | Reached XP level 3. HP: 33/33 MP: 3/3
   918 | D:1      | Found a sparkling altar of Nemelex Xobeh.
  1311 | D:2      | Found a faded altar of an unknown god.
  1401 | D:2      | Became a worshipper of Makhleb the Destroyer
  1401 | D:2      | Reached * piety under Makhleb
  1603 | D:3      | Noticed Robin
  1605 | D:3      | Reached XP level 4. HP: 38/40 MP: 4/4
  1636 | D:4      | Reached skill level 1 in Invocations
  1705 | D:4      | Killed Robin
  1705 | D:4      | Reached skill level 2 in Invocations
  1879 | D:3      | Noticed Ijyb
  1916 | D:3      | Killed Ijyb
  1916 | D:3      | Reached skill level 3 in Invocations
  1918 | D:3      | Reached ** piety under Makhleb
  1986 | D:3      | Noticed a sky beast
  2004 | D:3      | Reached XP level 5. HP: 40/46 MP: 7/7
  2157 | D:1      | Killed a sky beast
  2157 | D:1      | Reached skill level 5 in Invocations
  2533 | D:3      | Found a blossoming altar of Fedhas.
  2620 | D:3      | Found an opulent altar of Gozag.
  2732 | D:3      | Reached XP level 6. HP: 52/52 MP: 10/10
  2827 | D:4      | Noticed Pikel
  2827 | D:4      | Noticed a slave
  2827 | D:4      | Noticed a slave
  2827 | D:4      | Noticed a slave
  2827 | D:4      | Noticed a slave
  2873 | D:4      | Found a staircase to the Ecumenical Temple.
  2990 | D:3      | Killed Pikel
  2990 | D:3      | Reached skill level 8 in Invocations
  2990 | D:3      | Reached XP level 7. HP: 60/60 MP: 10/13
  3117 | D:4      | Reached skill level 5 in Fighting
  3655 | D:4      | Found Zin's Purification Station.
  3655 | D:4      | Found a glowing silver altar of Zin.
  3663 | D:4      | Bought a potion of curing for 90 gold pieces
  3685 | D:5      | Entered Level 5 of the Dungeon
  3829 | D:5      | Reached skill level 5 in Axes
  3829 | D:5      | Reached skill level 5 in Shields
  3833 | D:5      | Reached XP level 8. HP: 61/68 MP: 14/14
  4740 | D:6      | Got a pitted hand axe
  4741 | D:6      | Identified the +8 hand axe "Oneuvott" {speed, SInv} (You
                  | found it on level 6 of the Dungeon)
  4790 | D:6      | Reached *** piety under Makhleb
  5242 | D:6      | Found a white marble altar of Elyvilon.
  5244 | D:6      | Found a radiant altar of Vehumet.
  5445 | D:6      | Found a shimmering altar of Xom.
  5451 | D:6      | Found an iron altar of Okawaru.
  5456 | D:6      | Found an ancient bone altar of Kikubaaqudgha.
  5503 | D:7      | Reached skill level 9 in Invocations
  5534 | D:7      | Noticed Dowan
  5569 | D:7      | Noticed Duvessa
  5719 | D:7      | Found a shattered altar of Ashenzari.
  5737 | D:7      | Reached skill level 10 in Invocations
  5737 | D:7      | Reached XP level 9. HP: 49/79 MP: 16/16
  5927 | D:7      | Killed Dowan
  5960 | D:7      | Killed Duvessa
  6207 | D:7      | Noticed Menkaure
  6217 | D:7      | Killed Menkaure
  6223 | D:7      | Got a transparent tin ring
  6224 | D:7      | Identified the ring of Absolutism {Ice MR++ Str-2 Slay+5}
                  | (You found it on level 7 of the Dungeon)
  6561 | D:7      | Found an opulent altar of Gozag.
  6589 | D:7      | Noticed Harold
  6607 | D:7      | Killed Harold
  7314 | D:7      | Reached XP level 10. HP: 77/91 MP: 17/17
  7322 | D:7      | Reached **** piety under Makhleb
  7425 | D:8      | Noticed a death yak
  7426 | D:8      | Noticed a death yak
  7547 | D:8      | Reached skill level 5 in Armour
  7579 | D:8      | Found a staircase to the Lair.
  7580 | D:8      | Noticed a death yak
  7724 | D:8      | Killed a death yak
  7777 | D:8      | Found Bor Xaer's Armour Shoppe.
  7972 | D:8      | Found a shattered altar of Ashenzari.
  7976 | D:8      | Saw a vision of the Swamp and the Snake Pit.
  7976 | D:8      | Noticed an alligator
  7976 | D:8      | Noticed an alligator
  7976 | D:8      | Noticed a black mamba
  7976 | D:8      | Noticed a black mamba
  7976 | D:8      | Noticed a mana viper
  7976 | D:8      | Noticed a guardian serpent
  7976 | D:8      | Noticed a black mamba
  7977 | D:8      | Noticed a naga mage
  7977 | D:8      | Noticed an anaconda
  8009 | D:8      | Noticed a moth of wrath
  8016 | D:8      | Found a bloodstained altar of Trog.
  8098 | D:8      | Killed a death yak
  8107 | D:8      | Killed a death yak
  8107 | D:8      | Reached skill level 11 in Invocations
  8107 | D:8      | Reached XP level 11. HP: 80/97 MP: 17/19
  8262 | Lair:1   | Entered Level 1 of the Lair of Beasts
  8333 | D:9      | Reached ***** piety under Makhleb
  9038 | D:10     | Entered Level 10 of the Dungeon
  9074 | D:10     | Noticed Psyche
  9079 | D:10     | Killed Psyche
  9085 | D:10     | Noticed an unseen horror
  9094 | D:10     | Killed an unseen horror
  9101 | D:10     | Found a staircase to the Orcish Mines.
  9262 | D:10     | Found the +4 moon troll leather armour {Spirit, Regen++
                  | MP+5}
  9451 | D:10     | Reached skill level 10 in Axes
  9798 | D:11     | Reached skill level 10 in Fighting
  9834 | D:11     | Reached skill level 10 in Armour
  9836 | D:11     | Reached skill level 10 in Shields
  9987 | D:11     | Found a runed translucent gate.
  9987 | D:11     | Found a runed translucent gate.
  9987 | D:11     | Found a runed translucent gate.
  9997 | D:11     | Found an opulent altar of Gozag.
  9998 | D:11     | Noticed a cyclops
  9998 | D:11     | Noticed a deep troll earth mage
  9998 | D:11     | Noticed Dusieq's ghost (journeyman DsCj)
 10015 | D:11     | Noticed a green ugly thing
 10027 | D:11     | Killed a green ugly thing
 10305 | D:11     | Noticed Nergalle
 10318 | D:11     | Killed Nergalle
 10318 | D:11     | Reached XP level 12. HP: 106/106 MP: 20/20
 10360 | D:11     | Reached ****** piety under Makhleb
 10370 | D:11     | Found Tailio's Antique Weapon Shop.
 10612 | D:12     | Noticed a two-headed ogre
 10628 | D:12     | Killed a two-headed ogre
 10654 | D:12     | Noticed an eight-headed hydra
 11540 | Lair:2   | Found a transporter.
 11540 | Lair:2   | Noticed Kotami's ghost (journeyman OpFi)
 11540 | Lair:2   | Noticed an eight-headed hydra
 11542 | Lair:2   | Found a transporter.
 11778 | Lair:2   | Found a staircase to the Swamp.
 11795 | Lair:2   | Noticed a four-headed hydra
 12090 | Lair:2   | Noticed Fannar
 12116 | Lair:2   | Killed Fannar
 12583 | Lair:2   | Killed a four-headed hydra
 12583 | Lair:2   | Reached XP level 13. HP: 68/117 MP: 16/21
 13295 | Lair:3   | Found a staircase to the Snake Pit.
 14154 | Lair:4   | Noticed Snorg
 14166 | Lair:4   | Killed Snorg
 15269 | Lair:6   | Entered Level 6 of the Lair of Beasts
 15774 | Lair:5   | Reached XP level 14. HP: 106/132 MP: 14/22
 15846 | Lair:6   | Found a staircase to the Slime Pits.
 15847 | Lair:6   | Found a viscous altar of Jiyva.
 16638 | Lair:6   | Found a large runed translucent door.
 16638 | Lair:6   | Found a large runed translucent door.
 16645 | Lair:6   | Reached skill level 12 in Invocations
 17615 | D:12     | Reached skill level 15 in Fighting
 17670 | D:12     | Found a shimmering altar of Xom.
 17672 | D:12     | Paralysed by a gnoll for 6 turns
 18028 | D:13     | Found Mouqiest's Antique Armour Shoppe.
 18055 | D:13     | Reached skill level 13 in Invocations
 18522 | D:13     | Reached skill level 15 in Shields
 18532 | D:13     | Got a sapphire-encrusted chain mail
 18533 | D:13     | Identified the cursed +0 chain mail "Leonai" {*Slow Dex+3
                  | Slay+3} (You found it on level 13 of the Dungeon)
 18617 | D:13     | Found a gate to the Vaults.
 18868 | D:14     | Found Lafeuh's Jewellery Emporium.
 18917 | D:14     | Reached skill level 14 in Invocations
 19169 | D:14     | Reached XP level 15. HP: 141/141 MP: 25/25
 19508 | D:14     | Noticed Nessos
 19514 | D:14     | Killed Nessos
 19520 | D:14     | Reached skill level 15 in Invocations
 19955 | D:15     | Entered Level 15 of the Dungeon
 19986 | D:15     | Reached skill level 15 in Axes
 20329 | D:15     | Found a staircase to the Depths.
 20895 | Orc:1    | Entered Level 1 of the Orcish Mines
 20991 | Orc:1    | Found Qossizxo's Weapon Shoppe.
 20999 | Orc:1    | Noticed Maurice
 21015 | Orc:1    | Killed Maurice
 21081 | Orc:1    | Found a roughly hewn altar of Beogh.
 21381 | Orc:2    | Entered Level 2 of the Orcish Mines
 21395 | Orc:2    | Reached skill level 16 in Invocations
 21621 | Orc:2    | Found a staircase to the Elven Halls.
 21716 | Orc:2    | Reached XP level 16. HP: 149/149 MP: 14/28
 21720 | Orc:2    | Found Umowit's Food Emporium.
 21720 | Orc:2    | Found Kenohiab's Antique Armour Boutique.
 21734 | Orc:2    | Found Piaxt's Magic Scroll Shop.
 21734 | Orc:2    | Found Tegamicut's General Store.
 21838 | Orc:2    | Bought a scroll of fog for 32 gold pieces
 21839 | Orc:2    | Bought a scroll of silence for 97 gold pieces
 21839 | Orc:2    | Bought a scroll of teleportation for 39 gold pieces
 21841 | Orc:2    | Bought a spiked chain mail for 228 gold pieces
 21841 | Orc:2    | Identified the +1 chain mail of the Vaults {rF- Str+3
                  | Int+3} (You bought it in a shop on level 2 of the Orcish
                  | Mines)
 22328 | Swamp:1  | Entered Level 1 of the Swamp
 24114 | Swamp:2  | You fall into a shaft and drop 1 floor!
 24228 | Swamp:3  | Found a transporter.
 24228 | Swamp:3  | Found a transporter.
 24302 | Swamp:3  | Paralysed by a hornet for 2 turns
 24308 | Swamp:3  | Paralysed by a hornet for 1 turns
 24656 | Swamp:3  | Noticed Jorgrun
 24674 | Swamp:3  | Killed Jorgrun
 25039 | Swamp:4  | Entered Level 4 of the Swamp
 25131 | Swamp:4  | Noticed a thorn hunter
 25225 | Swamp:4  | Killed a thorn hunter
 25242 | Swamp:4  | Noticed an Executioner
 25845 | Swamp:3  | Reached XP level 17. HP: 156/156 MP: 29/29
 26111 | Swamp:3  | Reached skill level 15 in Armour
 26459 | Swamp:4  | Noticed the 27-headed Lernaean hydra
 26863 | Snake:1  | Entered Level 1 of the Snake Pit
 26874 | Snake:1  | Reached skill level 17 in Invocations
 27157 | Snake:1  | Noticed Kirke
 27191 | Snake:1  | Killed Kirke
 27433 | Snake:1  | Reached skill level 18 in Invocations
 27679 | Snake:1  | Noticed Frances
 27695 | Snake:1  | Killed Frances
 28138 | Snake:2  | Found Fiogep's Weapon Boutique.
 28704 | Snake:2  | Reached skill level 19 in Invocations
 29692 | Snake:2  | Identified a scroll of acquirement
 30567 | Snake:3  | HP: 4/156 [shock serpent/bolt of electricity (18)]
 30573 | Snake:2  | Killed from afar by a shock serpent

Illustrated notes

Levels and vault maps discovered:
D:1:      psy_arrival_radial02, layout_basic, nemelex_xobeh_ov_fountains_minmay
D:2:      layout_rooms, chequers_ecumenical_altar_simple_redux
D:3:      layout_basic, overflow_temple_1_default, fedhas_altar_fruit_tree,
          first_ration, uniq_ijyb, uniq_robin
D:4:      layout_gridville, zin_purify, minmay_temple_entry_large_hall,
          hangedman_glass_teeth, corexii_corridor_pit, uniq_pikel
D:5:      layout_basic, minmay_strange_pillars, palyth_stone_intersect,
          kennysheep_potato
D:6:      layout_loops_ring, grunt_temple_overflow_diamond,
          chequers_temple_overflow_statue_of_worship
D:7:      layout_loops_ring, old_standard_altar, grunt_livestock,
          nicolae_gozag_seed_capital, uniq_menkaure, uniq_harold, uniq_duvessa
D:8:      layout_rooms, tgw_trog, dpeg_lair_monsters, serial_shops,
          kennysheep_mini_moat, grunt_ashenzari_visionary
          [grunt_ashenzari_visionary_swamp, grunt_ashenzari_visionary_snake]
D:9:      layout_long_grid, glass_columns_a, columned_hall_lemuel
D:10:     layout_rooms, david_orc_3, serial_bayou_crossing, uniq_psyche
D:11:     layout_grid_maze, ebering_ghost_gozag, serial_shops,
          nicolae_shop_competitors_out_of_business, uniq_nergalle
D:12:     layout_roguey, tgw_xom
D:13:     layout_cave_pools, david_vaults_1, serial_shops, shop
D:14:     layout_irregular_city, serial_bayou_shore_b,
          chequers_serial_rivers_micro_e, minmay_shop_enchanted_jewellery,
          uniq_nessos
D:15:     grunt_enter_depths_snipers, layout_gridville,
          chequers_serial_rivers_micro_e
Lair:1:   layout_loops_ring
Lair:2:   layout_chaotic_city, minmay_swamp_entry_reptiles,
          gammafunk_ghost_arena, infiniplex_staircase_pool_2, uniq_fannar
Lair:3:   layout_long_grid, minmay_snake_entry_guardpost_medium, st_stairs_13,
          grunt_megastairs_5, lemuel_fruit_tree
Lair:4:   layout_concentric_octagons, hibernation_bobbens, uniq_snorg
Lair:5:   layout_roguey
Lair:6:   cheibrodos_lair_end_hotspot, layout_regular_city, slime_altar_1
Swamp:1:  layout_basic_swamp, infiniplex_staircase_pool, swamp_pool2
Swamp:2:  layout_basic_swamp, hangedman_swamp_blocks, swamp_pool3
Swamp:3:  gammafunk_the_bubble [the_bubble_gammafunk_plus_minus],
          layout_falls_marsh, evilmike_swamp_ruin_house_1, swamp_pool1,
          grunt_witch_cave, uniq_jorgrun
Swamp:4:  grunt_swamp_rune_castle, layout_basic_swamp, swamp_pool3
Snake:1:  layout_rooms, grunt_ministairs_7, uniq_frances, uniq_kirke
Snake:2:  layout_onion, serial_shops, shop, grunt_ministairs_3
Snake:3:  layout_rooms
Orc:1:    layout_diamond_mine, serial_shops, shop, nicolae_orc_lost_temple,
          uniq_maurice
Orc:2:    st_orc_ogre_mass, layout_caves

Skill      XL: |  1  2  3  4  5  6  7  8  9 10 11 12 13 14 15 16 17 |
---------------+----------------------------------------------------+-----
Axes           | 3 4 5 7 9 11 14 17 18 | 18.0
Fighting       | 4 5 7 9 10 11 14 15 | 15.5
Invocations    | 3 5 8 10 11 14 16 19 | 19.4
Shields        | 4 5 7 9 10 11 13 15 | 15.0
Armour         | 9 10 14 15 | 15.0

Action                   |  1- 3 |  4- 6 |  7- 9 | 10-12 | 13-15 | 16-18 || total
-------------------------+-------+-------+-------+-------+-------+-------++-------
Melee: War axe           |   109 |   167 |   128 |       |       |       ||   404
       Hand axe          |       |       |   191 |   657 |   773 |       ||  1621
       Broad axe         |       |       |       |       |   284 |   757 ||  1041
Invok: Lesser Servant of |       |       |       |     2 |     6 |     1 ||     9
       Minor Destruction |       |       |       |     2 |     2 |       ||     4
       Major Destruction |       |       |       |     1 |    15 |    19 ||    35
       Greater Servant o |       |       |       |       |     6 |    14 ||    20
Evoke: Wand              |       |       |       |     1 |     8 |    29 ||    38
       Box of beasts     |       |       |       |       |       |     1 ||     1
  Use: Potion            |       |     4 |       |       |     1 |     9 ||    14
       Scroll            |       |       |       |    15 |    21 |    12 ||    48
 Stab: Distracted        |       |       |       |       |     3 |       ||     3
       Invisible         |       |       |       |       |       |     4 ||     4
  Eat: Chunk             |     2 |     5 |     5 |    17 |    26 |    17 ||    72
       Ration            |       |       |     4 |       |     1 |     4 ||     9
Armor: Scale mail        |    52 |   130 |    80 |       |       |       ||   262
       Chain mail        |       |       |     8 |    93 |       |       ||   101
       Troll leather arm |       |       |       |    56 |   223 |   249 ||   528
       Plate armour      |       |       |       |       |       |   108 ||   108
Dodge: Dodged            |    30 |    81 |    55 |    94 |   288 |   259 ||   807
Block: Kite shield       |    57 |   107 |    99 |   242 |   512 |   560 ||  1577
